 Dungeon Crawl Stone Soup version 0.17.1-3-g152610e (webtiles) character file.

114 manyhoops the Magician (level 4, -1/24 HPs)
             Began as a Deep Elf Air Elementalist on Apr 9, 2016.
             Killed from afar by an orc wizard (3 damage)
             ... with a puff of frost
             ... on level 4 of the Dungeon.
             The game lasted 00:09:49 (2469 turns).

manyhoops the Magician (Deep Elf Air Elementalist)  Turns: 2469, Time: 00:09:49

Health: -1/24      AC:  4    Str:  5    XL:     4   Next: 66%
Magic:  7/12       EV: 13    Int: 21    God:
Gold:   104        SH:  0    Dex: 15    Spells: 4 memorised, 3 levels left

rFire  . . .     SeeInvis .     i - -2 whip
rCold  . . .     Clarity  .     a - +0 robe
rNeg   . . .     SustAt   .     (no shield)
rPois  +         Gourm    .     s - +0 helmet
rElec  .         Spirit   .     A - +0 cloak
rCorr  .         Warding  .     (no gloves)
rMut   .         Stasis   .     (no boots)
MR     .....                    (no amulet)
Stlth  ++........               (no ring)
                                m - ring of poison resistance

@: not resistant to hostile enchantments, unstealthy
A: no striking features
a: no special abilities


You were on level 4 of the Dungeon.
You were hungry.

You visited 1 branch of the dungeon, and saw 4 of its levels.

You collected 104 gold pieces.

Inventory:

Hand Weapons
 i - a -2 whip (weapon)
Armour
 a - a +0 robe (worn)
 s - a +0 helmet (worn)
 A - a +0 cloak (worn)
Jewellery
 m - a ring of poison resistance (left hand)
Wands
 w - a wand of lightning (5)
Scrolls
 e - 2 scrolls of enchant armour {unknown}
 g - a scroll of blinking {unknown}
 h - a scroll of enchant weapon
 k - a scroll of identify {unknown}
 p - a scroll of fear {unknown}
 q - a scroll of random uselessness
 x - a scroll of fog {unknown}
 y - a scroll of teleportation {unknown}
Potions
 d - 3 potions of degeneration {unknown}
 j - 2 potions of haste {unknown}
 l - a potion of flight {unknown}
 n - a potion of poison {unknown}
 o - a potion of ambrosia {unknown}
 r - 4 potions of curing {unknown}
 t - 2 potions of lignification {unknown}
 u - a potion of resistance {unknown}
 z - 2 potions of agility {unknown}
Books
 b - a book of Air

   Spells                             Type                      Level
   a - Shock                          Conjuration/Air              1
   b - Swiftness                      Charms/Air                   2
   c - Repel Missiles                 Charms/Air                   2
   d - Static Discharge               Conjuration/Air              3
   e - Lightning Bolt                 Conjuration/Air              5
Comestibles
 c - 3 bread rations
 f - a royal jelly
 v - a meat ration
 B - a beef jerky


   Skills:
 - Level 2.4 Dodging
 + Level 2.7 Stealth
 + Level 4.1 Spellcasting
 * Level 3.2 Conjurations
 + Level 3.9 Air Magic


You had 3 spell levels left.
You knew the following spells:

 Your Spells              Type           Power        Failure   Level  Hunger
a - Shock                 Conj/Air       ###.         2%          1    None
b - Swiftness             Chrm/Air       ##......     10%         2    #......
c - Static Discharge      Conj/Air       ###.....     10%         3    ###....
d - Repel Missiles        Chrm/Air       ##....       10%         2    #......


Dungeon Overview and Level Annotations

Branches:
Dungeon (4/15)
 Temple: D:4-7

Altars:
Trog


Message History

Press: ? - help, Shift-Dir - straight line, f/p - orc priest
Aim: an orc priest (almost dead)
The zap hits the orc.
The orc is moderately wounded.
The zap hits the orc priest.
You kill the orc priest!
Your Conjurations skill increases to level 3!
The zap hits the orc.
The orc is moderately wounded.
The orc priest casts a cantrip, but nothing happens.
The orc wizard mumbles some strange words.
The orc wizard flickers and vanishes!
Deactivating autopickup; reactivate with Ctrl-A.
The orc priest miscasts a cantrip.
The orc priest calls down the wrath of Beogh upon you.
Something smites you!
* * * LOW HITPOINT WARNING * * *
A puff of frost appears from out of thin air!
The puff of frost hits you!
You die...

#o... o†. #.# #.# #o#
#{# #.# #.# ########@#
.........#
##############..####..
#<#.. ...........<....
#.#.# ######.#.####..
#.#)# #.............
#.#.####.############
#...............
.####.###.#######


You could see an orc priest and an orc.

Vanquished Creatures
  An orc priest (D:4)
  An adder (D:2)
  A worm (D:2)
  3 giant geckos
  8 orcs (D:3)
  3 ball pythons
  2 giant cockroaches
  12 goblins
  8 hobgoblins
  7 bats
  7 giant newts
  5 kobolds
  6 rats
64 creatures vanquished.

Notes
Turn   | Place    | Note
--------------------------------------------------------------
     0 | D:1      | manyhoops the Deep Elf Air Elementalist began the quest for the Orb.
     0 | D:1      | Reached XP level 1. HP: 10/10 MP: 6/6
   202 | D:1      | Reached XP level 2. HP: 15/15 MP: 0/8
   799 | D:2      | Reached XP level 3. HP: 12/19 MP: 6/10
   854 | D:2      | Learned a level 2 spell: Swiftness
   858 | D:2      | Learned a level 3 spell: Static Discharge
   861 | D:2      | Learned a level 2 spell: Repel Missiles
   995 | D:2      | Found a bloodstained altar of Trog.
  1744 | D:3      | Reached XP level 4. HP: 24/24 MP: 1/11
  2084 | D:3      | Reached skill level 4 in Spellcasting
  2368 | D:4      | Noticed an ogre
  2469 | D:4      | Killed from afar by an orc wizard

Action                   |  1- 3 |  4- 6 || total
-------------------------+-------+-------++-------
Melee: Unarmed           |     8 |       ||     8
       Whip              |     4 |       ||     4
 Cast: Shock             |    87 |    28 ||   115
       Static Discharge  |     1 |     1 ||     2
  Use: Scroll            |     1 |     1 ||     2
  Eat: Chunk             |     2 |     2 ||     4
